 Dungeon Sprint DCSS version 0.22-a0-284-g99d1f7439c (webtiles) character file.

51114 Pristine the Executioner (level 14, -3/147 HPs)
             Began as a Deep Dwarf Fighter on Mar 22, 2018.
             Was the Champion of Makhleb.
             Slain by a tengu reaver
             ... wielding a +0 battleaxe
              (28 damage)
             ... in the Dungeon (Sprint IX: "|||||||||||||||||||||||||||||").
             The game lasted 00:11:12 (2779 turns).

Pristine the Executioner (Deep Dwarf Fighter)       Turns: 2779, Time: 00:11:12

Health: -3/147     AC: 17    Str: 28    XL:     14   Next: 22%
Magic:  15/15      EV: 18    Int: 11    God:    Makhleb [******]
Gold:   11         SH: 22    Dex: 18    Spells: 13/13 levels left

rFire    . . .     SeeInvis .   G - +6 hand axe of Cemny {flame, rC+ Dex+3}
rCold    + + .     Gourm    .   c - +0 shield
rNeg     + + .     Faith    .   J - +0 shadow dragon scales
rPois    .         Spirit   .   B - +0 helmet
rElec    .         Reflect  +   I - +1 cloak
rCorr    .         Harm     .   H - +1 pair of gloves
MR       ++...     NoTele   +   s - +0 pair of boots
Stlth    +++.......             C - +5 amulet of reflection
HPRegen  0.00/turn              b - ring of the Quahog {rC+ rN+ Str+5 Dex+3}
MPRegen  0.14/turn              v - +2 ring of evasion

@: lethally poisoned (-3 -> -16), corroded, non-regenerating
A: damage resistance, heal wounds, negative energy resistance 1, sense
surroundings 2, no regeneration
a: Heal Wounds, Minor Destruction, Lesser Servant of Makhleb, Major Destruction,
Greater Servant of Makhleb, Renounce Religion


You were in the Dungeon.
You worshipped Makhleb.
Makhleb was exalted by your worship.
You were very hungry.

You visited 1 branch You collected 1920 gold pieces.
You spent 1909 gold pieces at shops.

Inventory:

Hand Weapons
 q - a +1 broad axe of freezing
 G - the +6 hand axe of Cemny (weapon) {flame, rC+ Dex+3}
   (You found it in the Dungeon)

   It has been specially enchanted to burn those struck by it, causing extra
   injury to most foes and up to half again as much damage against particularly
   susceptible opponents.
   Big, fiery blades are also staple armaments of hydra-hunters.
   It affects your dexterity (+3).
   It protects you from cold.
Armour
 c - a +0 shield (worn)
 s - a +0 pair of boots (worn)
 B - a +0 helmet (worn)
 H - a +1 pair of gloves (worn)
 I - a +1 cloak (worn)
 J - +0 shadow dragon scales (worn)
Jewellery
 b - the ring of the Quahog (left hand) {rC+ rN+ Str+5 Dex+3}
   (You bought it in a shop in the Dungeon)

   [ring of strength]

   It affects your strength (+5).
   It affects your dexterity (+3).
   It protects you from cold.
   It protects you from negative energy.
 u - an uncursed ring of protection from cold
 v - a +2 ring of evasion (right hand)
 x - an uncursed amulet of rage
 C - a +5 amulet of reflection (around neck)
 D - an uncursed ring of fire
 E - an uncursed ring of protection from magic
 F - an uncursed ring of protection from magic
Wands
 p - a wand of iceblast (17)
Scrolls
 a - 2 scrolls of enchant weapon
 k - 2 scrolls of blinking
 n - 5 scrolls of remove curse
 o - 2 scrolls of amnesia
 t - a scroll of fog
 y - 10 scrolls of enchant armour
 z - a scroll of fear
 A - a scroll of identify
Potions
 e - 8 potions of curing
 g - 13 potions of heal wounds
 h - 2 potions of haste
 i - 4 potions of magic
 l - 3 potions of agility
 m - a potion of invisibility
 r - a potion of brilliance
 w - a potion of resistance
Comestibles
 d - 4 chunks of flesh
 f - 12 rations


   Skills:
 + Level 15.5 Fighting
 * Level 24.3 Axes
 + Level 14.4 Armour
 + Level 10.1 Dodging
 + Level 19.9 Shields
 - Level 8.1 Invocations
 - Level 11.2 Evocations


You had 13 spell levels left.
You didn't know any spells.

Dungeon Overview and Level Annotations

Branches:
Dungeon (1/1)

Altars:
Cheibriados
Dithmenos
Elyvilon
Fedhas
Gozag
Hepliaklqana
Kikubaaqudgha
Makhleb
Nemelex Xobeh
Okawaru
Qazlal
Ru
Sif Muna
Trog
Uskayaw
Vehumet
Wu Jian
Xom
Yredelemnul
Zin
The Shining One
Beogh
Jiyva
Lugonu

Shops:
D ?=!(


Innate Abilities, Weirdness & Mutations

You are resistant to damage.
You can heal yourself by infusing magical energy.
You resist negative energy. (rN+)
You passively map the area around you.
You do not regenerate.


Message History

You block the tengu reaver's attack.
The tengu reaver pecks you but does no damage.
You block the tengu reaver's attack.
You slash the tengu reaver!
The tengu reaver is severely wounded.
You feel sick.
You barely miss the tengu reaver.
The tengu reaver is severely wounded.
You feel sick.
The tengu reaver completely misses you. x2
You block the tengu reaver's attack.
Unknown command.
You hit the tengu reaver but do no damage.
The tengu reaver is severely wounded.
You are feeling very hungry.
You feel sick.
You hit the tengu reaver. You burn the tengu reaver.
The tengu reaver is severely wounded.
The runic seal fades away.
You feel sick.
The tengu reaver hits you with a battleaxe!!
You die...

.▓.▓∩▓.▓[▓.♣†♣.▓.▓
* , *
.▓)▓)▓.▓[▓.♣†♣.▓C▓
, ,* *
.▓.▓)▓.▓†▓.▓.▓.▓{▓,
,*
.▓.▓)▓.▓[▓.▓.▓.▓p▓
* *
.▓.▓)▓.▓.▓.▓.▓.▓y▓
* * *, *
†▓.▓(▓.▓.▓.▓)▓.▓*▓
, ,
.▓.▓'▓.▓.▓.▓.▓.▓p▓,
,
†▓.▓.▓.▓.▓.▓)▓.▓Q▓
,
.▓.▓.▓.▓.▓.▓)▓.▓@▓
* * *,*
.▓.▓.▓.▓.▓.▓†▓.▓)▓
, *
.▓.▓.▓.▓.▓.▓†▓.▓+▓
,*,
.▓.▓.▓.▓.▓.▓'▓.▓.▓,
, + , ,*
.▓.▓.▓.▓.▓.▓.▓.▓.▓
* * * *,*
.▓.▓)▓.▓.▓.▓.▓.▓(▓
*,* *,
†▓.▓)▓.▓.▓.▓.▓.▓†▓
* , ,*
'▓.▓)▓.▓.▓.▓.▓.▓.▓,
* *, *
.▓.▓)▓.▓[▓.▓)▓.▓(▓
,* *


You could see an ironheart preserver, a stone giant, a vault warden, a tengu
reaver, a hornet and a battlesphere.

Vanquished Creatures
  A lich (D)
  A thorn hunter (D)
  A vault warden (D)
  Aizul (D)
  3 very ugly things (D)
  An ironheart preserver (D)
  2 stone giants (D)
  A spark wasp (D)
  An ettin (D)
  A fire dragon (D)
  A great orb of eyes (D)
  Erolcha (D)
  2 yaktaur captains (D)
  An ice dragon (D)
  Harold (D)
  2 hydras (D)
  2 naga warriors (D)
  3 ogre magi (D)
  A rakshasa (D)
  An anaconda (D)
  An alligator (D)
  2 deep troll shamans (D)
  A tengu warrior (D)
  A spriggan berserker (D)
  2 deep troll earth magi (D)
  2 orc high priests (D)
  A deep elf knight (D)
  A glowing orange brain (D)
  A naga ritualist (D)
  A sea snake (D)
  2 harpies (D)
  A mana viper (D)
  3 orc knights (D)
  5 orc sorcerers (D)
  An ugly thing (D)
  3 orb spiders (D)
  2 wolf spiders (D)
  3 black mambas (D)
  A vault sentinel (D)
  3 naga magi (D)
  A spiny frog (D)
  A torpor snail (shapeshifter) (D)
  A komodo dragon (D)
  6 yaktaurs (D)
  A freezing wraith (D)
  3 merfolk (D)
  A tengu conjurer (D)
  A troll (D)
  5 tyrant leeches (D)
  A jumping spider (D)
  3 hippogriffs (D)
  3 blink frogs (D)
  A bog body (D)
  2 hornets (D)
  2 snapping turtles (D)
  2 redbacks (D)
  4 yaks (D)
  A basilisk (D)
  A vampire mosquito (D)
  A soldier ant (shapeshifter) (D)
  A floating eye (D)
  2 water moccasins (D)
  2 porcupines (D)
  12 orc warriors (D)
  An ogre (D)
  A sky beast (D)
  A boggart (D)
  A crocodile (D)
  5 bullfrogs (D)
  A big kobold (D)
  A jelly (D)
  4 orc priests (D)
  2 orc wizards (D)
  2 iguanas (D)
  2 worker ants (D)
  2 adder zombies (D)
  An adder skeleton (D)
  A leopard gecko (D)
  13 orcs (D)
  A ball python (D)
  A bat (D)
  A giant cockroach (D)
  A hobgoblin (D)
  2 kobolds (D)
167 creatures vanquished.

Vanquished Creatures (others)
  An alligator (D)
  A swamp dragon (D)
  A shadow (D)
  A swamp drake (D)
4 creatures vanquished.

Grand Total: 171 creatures vanquished

Notes
Turn   | Place    | Note
-------+----------+-------------------------------------------
     0 | D        | Pristine the Deep Dwarf Fighter began the quest for the Orb.
     0 | D        | Reached XP level 1. HP: 20/20 MP: 1/1
    11 | D        | Reached skill level 3 in Axes
    20 | D        | Reached skill level 4 in Axes
    40 | D        | Noticed a worker ant
    40 | D        | Noticed a jelly
    51 | D        | Reached XP level 2. HP: 25/27 MP: 2/2
    55 | D        | Reached skill level 5 in Axes
    62 | D        | Reached skill level 7 in Axes
    62 | D        | Reached XP level 3. HP: 22/33 MP: 2/2
    73 | D        | Reached skill level 8 in Axes
   190 | D        | Found a roughly hewn altar of Beogh.
   190 | D        | Found a snail-covered altar of Cheibriados.
   190 | D        | Found a shadowy altar of Dithmenos.
   190 | D        | Found a white marble altar of Elyvilon.
   190 | D        | Found a blossoming altar of Fedhas.
   190 | D        | Found an opulent altar of Gozag.
   191 | D        | Found a hazy altar of Hepliaklqana.
   192 | D        | Found a viscous altar of Jiyva.
   193 | D        | Found an ancient bone altar of Kikubaaqudgha.
   194 | D        | Found a corrupted altar of Lugonu.
   195 | D        | Found a burning altar of Makhleb.
   196 | D        | Found a sparkling altar of Nemelex Xobeh.
   197 | D        | Found an iron altar of Okawaru.
   198 | D        | Found a stormy altar of Qazlal.
   199 | D        | Found a sacrificial altar of Ru.
   200 | D        | Found a deep blue altar of Sif Muna.
   201 | D        | Found a bloodstained altar of Trog.
   202 | D        | Found a hide-covered altar of Uskayaw.
   203 | D        | Became a worshipper of Makhleb the Destroyer
   204 | D        | Found a radiant altar of Vehumet.
   205 | D        | Found an ornate altar of the Wu Jian Council.
   206 | D        | Found a shimmering altar of Xom.
   207 | D        | Found a basalt altar of Yredelemnul.
   208 | D        | Found a glowing silver altar of Zin.
   209 | D        | Found a glowing golden altar of the Shining One.
   260 | D        | Noticed an ogre
   260 | D        | Noticed a sky beast
   260 | D        | Noticed a big kobold
   261 | D        | Reached skill level 9 in Axes
   261 | D        | Reached skill level 1 in Invocations
   261 | D        | Reached XP level 4. HP: 40/40 MP: 2/4
   272 | D        | Killed a big kobold
   272 | D        | Reached * piety under Makhleb
   272 | D        | Reached skill level 1 in Dodging
   272 | D        | Reached XP level 5. HP: 48/50 MP: 3/6
   278 | D        | Killed a sky beast
   278 | D        | Reached skill level 10 in Axes
   278 | D        | Reached skill level 5 in Armour
   278 | D        | Reached skill level 5 in Shields
   278 | D        | Reached skill level 5 in Invocations
   280 | D        | Killed an ogre
   280 | D        | Reached skill level 11 in Axes
   280 | D        | Reached XP level 6. HP: 51/58 MP: 4/9
   283 | D        | Reached ** piety under Makhleb
   291 | D        | Noticed an orc warrior
   291 | D        | Noticed a yak
   291 | D        | Noticed a yak
   297 | D        | Killed a yak
   297 | D        | Reached skill level 5 in Fighting
   297 | D        | Reached XP level 7. HP: 67/67 MP: 6/11
   306 | D        | Killed a yak
   306 | D        | Reached skill level 12 in Axes
   314 | D        | Reached *** piety under Makhleb
   431 | D        | Noticed a hippogriff
   431 | D        | Noticed a yak
   431 | D        | Noticed a yak
   431 | D        | Noticed a hippogriff
   431 | D        | Noticed a six-headed hydra
   440 | D        | Killed a seven-headed hydra
   440 | D        | Reached skill level 13 in Axes
   440 | D        | Reached skill level 5 in Evocations
   440 | D        | Reached XP level 8. HP: 33/76 MP: 13/13
   444 | D        | Killed a hippogriff
   444 | D        | Reached **** piety under Makhleb
   444 | D        | Reached skill level 14 in Axes
   445 | D        | Noticed a hippogriff
   448 | D        | Noticed a black mamba
   453 | D        | Gained mutation: You passively map the area around you. [Deep Dwarf growth]
   453 | D        | Reached XP level 9. HP: 72/85 MP: 14/14
   457 | D        | Reached skill level 15 in Axes
   462 | D        | Reached ***** piety under Makhleb
   467 | D        | Killed a black mamba
   467 | D        | Reached skill level 5 in Dodging
   488 | D        | Noticed a black mamba
   494 | D        | Killed a black mamba
   498 | D        | Reached skill level 16 in Axes
   507 | D        | Noticed a komodo dragon
   518 | D        | Reached ****** piety under Makhleb
   527 | D        | Killed a komodo dragon
   527 | D        | Reached XP level 10. HP: 92/96 MP: 14/16
   540 | D        | Noticed a spiny frog
   551 | D        | Killed a spiny frog
   572 | D        | Reached skill level 10 in Evocations
   621 | D        | Reached skill level 10 in Shields
   630 | D        | Reached skill level 17 in Axes
   685 | D        | Noticed Erolcha
   698 | D        | Killed Erolcha
   698 | D        | Reached skill level 10 in Armour
   784 | D        | Noticed an orc high priest
   792 | D        | Noticed a soul eater
   824 | D        | Killed an orc high priest
   888 | D        | Reached skill level 18 in Axes
   906 | D        | Noticed an orc sorcerer
   907 | D        | Noticed a rust devil
   914 | D        | Reached XP level 11. HP: 88/106 MP: 17/17
   932 | D        | Killed an orc sorcerer
   964 | D        | Found Ocubrub's Antique Weapon Boutique.
   964 | D        | Noticed an orc sorcerer
   964 | D        | Noticed an orc sorcerer
   964 | D        | Noticed an orc knight
   979 | D        | Killed an orc knight
   980 | D        | Found Ydacea's Distillery.
   984 | D        | Noticed an orc sorcerer
   986 | D        | Killed an orc sorcerer
   995 | D        | Noticed an orc high priest
   995 | D        | Killed an orc sorcerer
   995 | D        | Reached skill level 19 in Axes
   999 | D        | Noticed an orc knight
  1006 | D        | Killed an orc sorcerer
  1007 | D        | Found Meulez's Jewellery Boutique.
  1007 | D        | Noticed an orc knight
  1015 | D        | Killed an orc high priest
  1015 | D        | Reached skill level 10 in Fighting
  1020 | D        | Noticed an orc sorcerer
  1026 | D        | Killed an orc knight
  1037 | D        | Killed an orc knight
  1040 | D        | Killed an orc sorcerer
  1041 | D        | Found Duogy's Magic Scroll Shop.
  1122 | D        | Bought a scroll of enchant armour for 90 gold pieces
  1122 | D        | Bought a scroll of enchant weapon for 90 gold pieces
  1122 | D        | Bought a scroll of enchant armour for 90 gold pieces
  1122 | D        | Bought a scroll of enchant weapon for 90 gold pieces
  1124 | D        | Bought the ring of the Quahog {rC+ rN+ Str+5 Dex+3} for 657 gold pieces
  1126 | D        | Bought a +5 amulet of reflection for 412 gold pieces
  1128 | D        | Bought a potion of heal wounds for 55 gold pieces
  1128 | D        | Bought a potion of curing for 33 gold pieces
  1128 | D        | Bought a potion of curing for 33 gold pieces
  1128 | D        | Bought a potion of heal wounds for 55 gold pieces
  1128 | D        | Bought a potion of haste for 110 gold pieces
  1128 | D        | Bought a potion of agility for 44 gold pieces
  1130 | D        | Bought a runed hand axe for 150 gold pieces
  1211 | D        | Noticed Harold
  1225 | D        | Killed Harold
  1262 | D        | Got the +6 hand axe of Cemny {flame, rC+ Dex+3}
  1334 | D        | Noticed a seven-headed hydra
  1343 | D        | Killed a one-headed hydra
  1343 | D        | Reached skill level 20 in Axes
  1350 | D        | Noticed a red very ugly thing
  1356 | D        | Noticed an ogre mage
  1365 | D        | Noticed a deep troll earth mage
  1369 | D        | Noticed a great orb of eyes
  1387 | D        | Killed a red very ugly thing
  1393 | D        | Noticed a deep troll shaman
  1405 | D        | Killed an ogre mage
  1405 | D        | Reached XP level 12. HP: 120/120 MP: 18/18
  1417 | D        | Killed a deep troll earth mage
  1424 | D        | Killed a great orb of eyes
  1431 | D        | Killed a deep troll shaman
  1453 | D        | Noticed a spark wasp
  1454 | D        | Noticed a tengu warrior
  1465 | D        | Killed a spark wasp
  1465 | D        | Reached skill level 21 in Axes
  1480 | D        | Killed a tengu warrior
  1508 | D        | Noticed Aizul
  1547 | D        | Killed Aizul
  1850 | D        | Reached skill level 15 in Shields
  1886 | D        | Noticed a naga warrior
  1886 | D        | Noticed a naga warrior
  1889 | D        | Noticed an anaconda
  1915 | D        | Killed a naga warrior
  1940 | D        | Killed a naga warrior
  1940 | D        | Reached skill level 22 in Axes
  1969 | D        | Killed an anaconda
  1969 | D        | Reached XP level 13. HP: 49/133 MP: 16/16
  2083 | D        | Noticed a thorn hunter
  2110 | D        | Killed a thorn hunter
  2262 | D        | Noticed a stone giant
  2262 | D        | Noticed a green very ugly thing
  2262 | D        | Noticed a green very ugly thing
  2276 | D        | Killed a green very ugly thing
  2294 | D        | Killed a green very ugly thing
  2300 | D        | Killed a stone giant
  2308 | D        | Reached skill level 23 in Axes
  2326 | D        | Noticed a lich
  2338 | D        | Paralysed by a floating eye for 2 turns
  2347 | D        | Paralysed by a floating eye for 3 turns
  2359 | D        | Paralysed by a floating eye for 3 turns
  2376 | D        | Killed a lich
  2379 | D        | Paralysed by a floating eye for 2 turns
  2388 | D        | Paralysed by a floating eye for 4 turns
  2398 | D        | Paralysed by a floating eye for 2 turns
  2409 | D        | Paralysed by a floating eye for 2 turns
  2457 | D        | Noticed a fire dragon
  2458 | D        | Noticed a stone giant
  2480 | D        | Killed a fire dragon
  2480 | D        | Reached skill level 15 in Fighting
  2494 | D        | Killed a stone giant
  2601 | D        | Noticed an ironheart preserver
  2601 | D        | Noticed a vault warden
  2621 | D        | Gained mutation: You resist negative energy. (rN+) [Deep Dwarf growth]
  2621 | D        | Reached XP level 14. HP: 147/147 MP: 17/17
  2653 | D        | Killed an ironheart preserver
  2654 | D        | Killed a vault warden
  2654 | D        | Reached skill level 24 in Axes
  2654 | D        | Reached skill level 10 in Dodging
  2691 | D        | Noticed a tengu reaver
  2721 | D        | Noticed a vault warden
  2725 | D        | Noticed an ironheart preserver
  2733 | D        | Noticed a stone giant
  2779 | D        | Slain by a tengu reaver

Vault maps used:
D:        linesprint

Skill      XL: |  1  2  3  4  5  6  7  8  9 10 11 12 13 14 |
---------------+-------------------------------------------+-----
Axes           | 4 7 9 11 13 14 16 18 20 22 23 24 | 24.3
Invocations    | 1 3 5 7 8 |  8.1
Fighting       | 3 4 5 6 7 9 11 13 15 | 15.5
Shields        | 4 6 8 9 10 13 15 19 | 19.9
Armour         | 4 5 6 7 8 9 10 11 12 14 | 14.4
Dodging        | 1 2 3 4 5 6 7 9 10 | 10.1
Evocations     | 5 6 9 11 | 11.2

Action                   |  1- 3 |  4- 6 |  7- 9 | 10-12 | 13-15 || total
-------------------------+-------+-------+-------+-------+-------++-------
Melee: War axe           |    66 |       |       |       |       ||    66
       Broad axe         |     1 |    28 |    84 |   270 |       ||   383
       Hand axe          |       |       |       |   270 |   458 ||   728
 Abil: Heal Wounds       |     2 |       |       |    15 |     8 ||    25
Evoke: Wand              |       |       |     5 |       |       ||     5
  Use: Potion            |       |       |     1 |       |     1 ||     2
       Scroll            |       |       |     1 |       |       ||     1
 Stab: Sleeping          |       |       |       |     1 |     1 ||     2
       Confused          |       |       |       |       |     1 ||     1
  Eat: Chunk             |       |       |       |     4 |     3 ||     7
Armor: Scale mail        |    32 |       |       |       |       ||    32
       Chain mail        |       |     7 |    33 |    28 |       ||    68
       Shadow dragon sca |       |       |       |    43 |    97 ||   140
Dodge: Dodged            |    21 |     1 |    24 |   108 |   114 ||   268
Block: Shield            |    37 |    13 |    25 |   245 |   252 ||   572
       Reflection        |       |       |       |     4 |     6 ||    10

Table legend:
 A = Spawn XP
 B = Non-spawn XP
 C = Spawn XP percentage of total XP
 D = Spawn monster count
 E = Non-spawn monster count
 F = Spawn count percentage of total count
 G = Total turns spent on level
                    A         B        C        D         E        F      G
               +---------+---------+-------+---------+---------+-------+---------
         Total |       0 |   73020 |   0.0 |       0 |     167 |   0.0 |  2779
               +---------+---------+-------+---------+---------+-------+---------
             D |       0 |   73020 |   0.0 |       0 |     167 |   0.0 |  2779
               +---------+---------+-------+---------+---------+-------+---------
